 Dungeon Crawl Stone Soup version 0.24.1-14-gf8d2b509d9 (webtiles) character file.

Game seed: 5900575630355145758, levelgen mode: deterministic

48353 KlarStein the Carver (level 14, -2/113 HPs)
             Began as a Demonspawn Fighter on Aug 29, 2020.
             Was a High Priest of Dithmenos.
             Splashed by an acid blob's acid (10 damage)
             ... on level 1 of the Pits of Slime on Aug 30, 2020.
             The game lasted 01:43:22 (20754 turns).

KlarStein the Carver (Demonspawn Fighter)          Turns: 20754, Time: 01:43:22

Health: -2/113     AC:  8    Str: 23    XL:     14   Next: 12%
Magic:  0/17       EV: 16    Int:  5    God:    Dithmenos [*****.]
Gold:   1095       SH: 14    Dex: 24    Spells: 13/13 levels left

rFire    + . .     SeeInvis .   e - +6 short sword of Brawling {pierce, rElec rF+ Int-5 Dex+5}
rCold    . . .     Gourm    .   c - +1 shield
rNeg     . . .     Faith    .   A - +5 scale mail of the Voivode {*Corrode Str+4}
rPois    .         Spirit   +   p - +2 hat {MR+}
rElec    +         Reflect  .   i - +0 cloak
rCorr    .         Harm     .   (no gloves)
MR       +++..                  (no boots)
Stlth    +.........             G - amulet of guardian spirit
HPRegen  0.28/turn              m - +4 ring of dexterity
MPRegen  0.15/turn              D - ring of protection from magic

@: corroded, wreathed by umbra
A: horns 1, talons 2, slimy green scales 2, blurry vision 1, foul stench 2,
augmentation 1, rot immunity
a: Shadow Step, Shadow Form, Renounce Religion


You were on level 1 of the Pits of Slime.
You worshipped Dithmenos.
Dithmenos was extremely pleased with you.
You were not hungry.

You visited 4 branches of the dungeon, and saw 19 of its levels.
You also visited: Gauntlet.

You collected 1515 gold pieces.
You spent 420 gold pieces at shops.

Inventory:

Hand Weapons
 a - a +3 long sword
 e - the +6 short sword of Brawling (weapon) {pierce, rElec rF+ Int-5 Dex+5}
   (You found it on level 10 of the Dungeon)

   It inflicts extra damage upon your enemies.
   It affects your intelligence (-5).
   It affects your dexterity (+5).
   It protects you from fire.
   It insulates you from electricity.
 q - a +1 scimitar of flaming
Missiles
 M - 23 silver javelins (quivered)
Armour
 c - a +1 shield (worn)
 i - a +0 cloak (worn)
 p - a +2 hat of magic resistance (worn)
 A - the +5 scale mail of the Voivode (worn) {*Corrode Str+4}
   (You found it on level 6 of the Lair of Beasts)

   It affects your strength (+4).
   It may corrode you when you take damage.
 J - a +4 ring mail of cold resistance
 Q - a +0 hat of see invisible
 S - a scarf of spirit shield
Jewellery
 d - an uncursed ring of poison resistance {unknown}
 m - a +4 ring of dexterity (left hand)
 x - an uncursed ring of ice
 z - an uncursed ring of protection from cold
 D - a ring of protection from magic (right hand)
 E - an uncursed ring of stealth
 G - an amulet of guardian spirit (around neck)
 V - an uncursed ring of see invisible
Wands
 g - a wand of disintegration (32)
 u - a wand of iceblast (26)
 y - a wand of flame (11)
 I - a wand of digging (7)
 L - a wand of polymorph (10)
 N - a wand of random effects (6)
 P - a wand of acid (10)
 T - a wand of clouds (6)
 W - a wand of enslavement (5)
Scrolls
 h - 6 scrolls of amnesia
 k - 10 scrolls of remove curse
 l - 8 scrolls of teleportation
 t - a scroll of random uselessness
 w - 4 scrolls of fear
 C - 4 scrolls of magic mapping
 K - 4 scrolls of identify
 R - 3 scrolls of enchant weapon
 U - a scroll of blinking
 X - a scroll of silence
Potions
 b - 2 potions of magic {unknown}
 j - 5 potions of curing
 n - a potion of mutation
 r - a potion of brilliance
 s - 3 potions of lignification
 v - 3 potions of resistance
 H - 2 potions of invisibility
 O - 2 potions of flight {unknown}
Miscellaneous
 Y - a sack of spiders
Comestibles
 f - 30 rations
 o - 3 chunks of flesh


   Skills:
 + Level 11.6 Fighting
 + Level 13.0 Long Blades
 - Level 10.0 Armour
 + Level 7.7 Dodging
 - Level 10.0 Shields
 - Level 4.1 Invocations


You had 13 spell levels left.
You didn't know any spells.
Your spell library contained the following spells:

 Spells                   Type           Power        Failure   Level  Hunger
 Corona                   Hex            #......      91%         1    ##.....
 Ensorcelled Hibernation  Hex/Ice        #.....       97%         2    ###....
 Confuse                  Hex            #.......     100%        3    ####...
 Dazzling Spray           Conj/Hex       #.....       100%        3    ####...
 Tukima's Dance           Hex            #.......     100%        3    ####...


Dungeon Overview and Level Annotations

Branches:
Dungeon (11/15)            Temple (1/1) D:7            Lair (6/6) D:11
  Swamp (0/4) Lair:4        Snake (0/4) Lair:2        Slime (1/5) Lair:6
    Orc (0/2) D:11        Gauntlet (visited)

Altars:
Ashenzari
Cheibriados
Dithmenos
Elyvilon
Fedhas
Gozag
Hepliaklqana
Kikubaaqudgha
Makhleb
Nemelex Xobeh
Okawaru
Qazlal
Ru
Sif Muna
Trog
Uskayaw
Vehumet
Wu Jian
Xom
Yredelemnul
Zin
The Shining One

Shops:
D:8 =

Portals:
Hell: Lair:6


Innate Abilities, Weirdness & Mutations

You have razor-sharp toenails.
You are mostly covered in slimy green scales. (AC +3)
You frequently emit foul miasma when damaged in melee.
Your magical and physical power is slightly enhanced at high health.
You are immune to rotting.
You have a pair of small horns on your head.
Scrolls take you a little longer to read.


Message History

You block the acid blob's attack.
The acid blob quivers.
You hit the acid blob.
Your hands burn!
* * * LOW HITPOINT WARNING * * *
You claw the acid blob.
You headbutt the acid blob, but do no damage.
The acid blob is severely wounded.
You feel better. The acid blob spits acid at you. The splash of acid hits you.
* * * LOW HITPOINT WARNING * * *
The acid corrodes you!
You are splashed with acid!
* * * LOW HITPOINT WARNING * * *
The acid blob spits acid at you. The splash of acid misses you.
The acid blob spits acid at you. The splash of acid hits you.
* * * LOW HITPOINT WARNING * * *
You are splashed with acid!
You die...

##.>...........#.#...
#............<........
#................#....
#...##...#............#.
##.............^.##....#
##.##..................
## #.....#........J...
##.#...............
####.....@........
#......>........
.........J.......
.#...............
........#........
.#.##....#.....#. ##
#.... ....... ....#
#...... .#.. ......


You could see 2 acid blobs.

Vanquished Creatures
  Gastronok (Lair:2)
  2 entropy weavers (Lair:6)
  A minotaur (Gauntlet)
  A fire dragon (D:11)
  8 hydras
  A queen ant (Lair:6)
  Erica (D:8)
  2 death yaks (Lair:6)
  A two-headed ogre (D:9)
  A sun demon (Lair:6)
  A fire crab (Gauntlet)
  Pikel (D:8)
  3 wizards
  A necromancer (Gauntlet)
  12 elephants
  2 ugly things (D:11)
  6 black mambas
  2 centaur zombies
  A molten gargoyle (Lair:4)
  2 centaur skeletons
  2 orange demons (Lair:6)
  7 spiny frogs
  2 rime drakes (Lair:6)
  5 komodo dragons
  A hellwing (Lair:6)
  2 ice devils (Lair:6)
  A queen bee (Lair:3)
  A polar bear (Lair:4)
  A red devil (Lair:6)
  8 blink frogs
  5 hippogriffs
  A slime creature (Lair:6)
  A wyvern (D:11)
  8 yaks
  Grum (D:8)
  2 fire bats (Gauntlet)
  3 basilisks
  A hungry ghost (D:11)
  3 nagas (Lair:2)
  17 soldier ants (Lair:6)
  5 hell hounds (Lair:6)
  12 water moccasins
  5 porcupines
  6 ice beasts (D:8)
  5 orc warriors
  6 phantoms
  10 wolves
  4 ogres
  4 centaurs
  14 crocodiles
  A big kobold (D:11)
  11 bullfrogs
  A wyvern zombie (D:11)
  4 scorpions
  32 killer bees
  2 howler monkeys
  3 crimson imps
  4 hounds
  3 lava snakes (Lair:4)
  2 bullfrog zombies
  3 orc priests
  5 jellies
  3 bullfrog skeletons
  Crazy Yiuf (D:3)
  13 orc wizards
  Ijyb (D:3)
  4 iguanas
  7 hell rats (Lair:4)
  25 worker ants
  2 hound zombies (D:7)
  A hound skeleton (D:5)
  4 gnolls (D:3)
  6 adders
  4 shadow imps
  3 white imps (Gauntlet)
  5 oozes
  An adder skeleton (D:4)
  2 adder zombies (D:9)
  4 worms
  2 dart slugs (D:1)
  6 leopard geckos
  35 orcs
  11 bats
  4 giant cockroaches
  10 hobgoblins
  16 jackals
  3 quokkas
  3 ball pythons
  3 frilled lizards
  5 goblins
  A jackal zombie (D:8)
  9 kobolds
  A leopard gecko skeleton (D:4)
  A quokka skeleton (D:9)
  11 rats
  A fire vortex (Lair:4)
  A fungus (Lair:6)
473 creatures vanquished.

Vanquished Creatures (others)
  A bat (D:1)
  8 demonic plants (Gauntlet)
  3 fungi
  3 plants
15 creatures vanquished.

Grand Total: 488 creatures vanquished

Notes
Turn   | Place    | Note
-------+----------+-------------------------------------------
     0 | D:1      | KlarStein the Demonspawn Fighter began the quest for the
                  | Orb.
     0 | D:1      | Reached XP level 1. HP: 18/18 MP: 1/1
    48 | D:1      | Reached skill level 2 in Long Blades
    76 | D:1      | You fall into a shaft and drop 1 floor!
    82 | D:2      | Gained mutation: You are immune to rotting. [demonic
                  | ancestry]
    82 | D:2      | Reached XP level 2. HP: 24/24 MP: 2/2
   308 | D:2      | Gained mutation: You may emit foul miasma when damaged in
                  | melee. [demonic ancestry]
   308 | D:2      | Reached XP level 3. HP: 29/29 MP: 3/3
  1050 | D:1      | Gained mutation: You frequently emit foul miasma when
                  | damaged in melee. [demonic ancestry]
  1050 | D:1      | Reached XP level 4. HP: 31/35 MP: 4/4
  1768 | D:3      | Reached skill level 3 in Long Blades
  2041 | D:3      | Reached XP level 5. HP: 37/42 MP: 5/5
  2500 | D:3      | Noticed Ijyb
  2513 | D:3      | Killed Ijyb
  2723 | D:3      | Found a runed translucent door.
  2724 | D:3      | Noticed Crazy Yiuf
  2730 | D:3      | Killed Crazy Yiuf
  2813 | D:4      | Gained mutation: You have sharp toenails. [demonic
                  | ancestry]
  2813 | D:4      | Reached XP level 6. HP: 29/48 MP: 6/6
  3218 | D:4      | Reached skill level 4 in Long Blades
  3618 | D:5      | Entered Level 5 of the Dungeon
  3658 | D:5      | Gained mutation: You have razor-sharp toenails. [demonic
                  | ancestry]
  3658 | D:5      | Reached XP level 7. HP: 14/55 MP: 7/7
  4484 | D:6      | Found a hazy altar of Hepliaklqana.
  4718 | D:6      | Found an ancient bone altar of Kikubaaqudgha.
  4803 | D:6      | Reached skill level 5 in Long Blades
  5406 | D:7      | Reached skill level 5 in Fighting
  5406 | D:7      | Gained mutation: You are partially covered in slimy green
                  | scales. (AC +2) [demonic ancestry]
  5406 | D:7      | Reached XP level 8. HP: 50/62 MP: 8/8
  5592 | D:7      | Reached skill level 6 in Long Blades
  5633 | D:7      | Reached skill level 5 in Armour
  5661 | D:7      | Reached skill level 5 in Shields
  5757 | D:7      | Found a staircase to the Ecumenical Temple.
  5792 | Temple   | Entered the Ecumenical Temple
  5887 | Temple   | Became a worshipper of Dithmenos the Shadowed
  6262 | D:7      | Found a shimmering altar of Xom.
  6533 | D:8      | Found Zepnoc's Jewellery Shoppe.
  6561 | D:8      | Reached skill level 7 in Long Blades
  6561 | D:8      | Reached XP level 9. HP: 26/69 MP: 9/9
  6790 | D:8      | Noticed Erica
  6974 | D:9      | Reached * piety under Dithmenos
  7246 | D:9      | Reached skill level 8 in Long Blades
  7456 | D:9      | Noticed a two-headed ogre
  7487 | D:9      | Killed a two-headed ogre
  7487 | D:9      | Reached XP level 10. HP: 39/79 MP: 10/10
  8099 | D:8      | Killed Erica
  8099 | D:8      | Reached skill level 9 in Long Blades
  8389 | D:8      | Noticed Pikel
  8405 | D:8      | Killed Pikel
  8596 | D:8      | Noticed Grum
  8611 | D:8      | Killed Grum
  9207 | D:8      | Reached ** piety under Dithmenos
  9355 | D:8      | Bought an uncursed amulet of guardian spirit for 420 gold
                  | pieces
  9415 | D:10     | Entered Level 10 of the Dungeon
  9654 | D:10     | Got a jewelled short sword
  9655 | D:10     | Identified the +6 short sword of Brawling {pierce, rElec
                  | rF+ Int-5 Dex+5} (You found it on level 10 of the Dungeon)
  9703 | D:10     | Reached skill level 1 in Invocations
  9827 | D:10     | Reached skill level 10 in Long Blades
 10115 | D:10     | Gained mutation: You are mostly covered in slimy green
                  | scales. (AC +3) [demonic ancestry]
 10115 | D:10     | Reached XP level 11. HP: 71/86 MP: 9/12
 10381 | D:11     | Found a staircase to the Orcish Mines.
 10444 | D:11     | Found a staircase to the Lair.
 10444 | D:11     | Noticed a fire dragon
 10869 | D:11     | Noticed a brown ugly thing
 10883 | D:11     | Killed a brown ugly thing
 11065 | D:11     | Noticed a red ugly thing
 11080 | D:11     | Killed a red ugly thing
 11080 | D:11     | Reached skill level 1 in Dodging
 11477 | D:11     | Killed a fire dragon
 11912 | Lair:1   | Entered Level 1 of the Lair of Beasts
 12019 | Lair:1   | You fall into a shaft and drop 1 floor!
 12021 | Lair:2   | Noticed a six-headed hydra
 12029 | Lair:2   | Killed a two-headed hydra
 12071 | Lair:2   | Noticed a seven-headed hydra
 12095 | Lair:2   | Killed a three-headed hydra
 12765 | Lair:2   | Identified a scroll of acquirement
 12796 | Lair:2   | Noticed Gastronok
 12809 | Lair:2   | Killed Gastronok
 12892 | Lair:2   | Found a staircase to the Snake Pit.
 13195 | Lair:3   | Noticed a seven-headed hydra
 13202 | Lair:3   | Killed a four-headed hydra
 13202 | Lair:3   | Gained mutation: Your magical and physical power is
                  | slightly enhanced at high health. [demonic ancestry]
 13202 | Lair:3   | Reached XP level 12. HP: 34/95 MP: 5/15
 14027 | Lair:3   | Reached *** piety under Dithmenos
 14174 | Lair:3   | Noticed a six-headed hydra
 14184 | Lair:3   | Killed a three-headed hydra
 14184 | Lair:3   | Reached skill level 11 in Long Blades
 14557 | Lair:4   | Found a staircase to the Swamp.
 14557 | Lair:4   | Found a gate leading to a gauntlet.
 14585 | Gauntlet | Entered a Gauntlet
 14585 | Gauntlet | Found a transporter.
 14585 | Gauntlet | Found a transporter.
 14590 | Gauntlet | Found a transporter.
 14605 | Gauntlet | Found a transporter.
 14619 | Gauntlet | Found a transporter.
 14632 | Gauntlet | Found a transporter.
 14715 | Gauntlet | Found a transporter.
 14728 | Gauntlet | Found a transporter.
 14743 | Gauntlet | Found a transporter.
 14755 | Gauntlet | Found a transporter.
 14758 | Gauntlet | Noticed a tengu warrior
 14763 | Gauntlet | Noticed a balrug
 14834 | Gauntlet | Found a transporter.
 14834 | Gauntlet | Found a transporter.
 14844 | Gauntlet | Found a transporter.
 14848 | Gauntlet | Found a transporter.
 14854 | Gauntlet | Found a transporter.
 14854 | Gauntlet | Found a transporter.
 14857 | Gauntlet | Identified the +2 leather armour "Capsy" {rC+ rN+ MP+9}
 15271 | Gauntlet | Reached **** piety under Dithmenos
 15278 | Gauntlet | Reached skill level 10 in Fighting
 15278 | Gauntlet | Reached skill level 5 in Dodging
 15371 | Gauntlet | Gained mutation: Your spells are a little easier to cast,
                  | but a little less powerful. [potion of mutation]
 15371 | Gauntlet | Gained mutation: Your mind is acute. (Int +2) [potion of
                  | mutation]
 15371 | Gauntlet | Gained mutation: You possess an exceptional clarity of
                  | mind. [potion of mutation]
 15382 | Gauntlet | Noticed a minotaur
 15405 | Gauntlet | Killed a minotaur
 15864 | Lair:4   | Lost mutation: Your mind is acute. (Int +2) [potion of
                  | mutation]
 15864 | Lair:4   | Lost mutation: You possess an exceptional clarity of mind.
                  | [potion of mutation]
 15864 | Lair:4   | Lost mutation: Your spells are a little easier to cast, but
                  | a little less powerful. [potion of mutation]
 15864 | Lair:4   | Gained mutation: You are dopey. (Int -2) [potion of
                  | mutation]
 15864 | Lair:4   | Gained mutation: You are occasionally teleported next to
                  | monsters. [potion of mutation]
 15864 | Lair:4   | Gained mutation: You have a pair of small horns on your
                  | head. [potion of mutation]
 15865 | Lair:4   | Lost mutation: You have a pair of small horns on your head.
                  | [potion of mutation]
 15865 | Lair:4   | Lost mutation: You are dopey. (Int -2) [potion of mutation]
 15865 | Lair:4   | Lost mutation: You are occasionally teleported next to
                  | monsters. [potion of mutation]
 15865 | Lair:4   | Gained mutation: Scrolls take you a little longer to read.
                  | [potion of mutation]
 15865 | Lair:4   | Gained mutation: You have a pair of small horns on your
                  | head. [potion of mutation]
 16182 | Lair:4   | Reached XP level 13. HP: 82/103 MP: 12/16
 16765 | Lair:5   | Reached ***** piety under Dithmenos
 16867 | Lair:5   | Reached skill level 12 in Long Blades
 18332 | Lair:6   | Entered Level 6 of the Lair of Beasts
 18389 | Lair:6   | Found a staircase to the Slime Pits.
 18971 | Lair:6   | Reached skill level 10 in Armour
 18971 | Lair:6   | Reached skill level 10 in Shields
 19225 | Lair:6   | Found a burning altar of Makhleb.
 19477 | Lair:6   | Found a gateway to Hell.
 19656 | Lair:6   | Got an ichor-stained scale mail
 19667 | Lair:6   | Identified the +5 scale mail of the Voivode {*Corrode
                  | Str+4} (You found it on level 6 of the Lair of Beasts)
 20043 | Lair:6   | Noticed an entropy weaver
 20065 | Lair:6   | Noticed an entropy weaver
 20462 | Lair:6   | Killed an entropy weaver
 20462 | Lair:6   | Reached XP level 14. HP: 97/113 MP: 12/17
 20664 | Lair:6   | Killed an entropy weaver
 20664 | Lair:6   | Reached skill level 13 in Long Blades
 20718 | Slime:1  | Entered Level 1 of the Pits of Slime
 20740 | Slime:1  | Noticed an acid blob
 20751 | Slime:1  | Noticed an acid blob
 20754 | Slime:1  | Splashed by an acid blob's acid

Levels and vault maps discovered:
D:1:      wander_arrival_lonely_grave, layout_basic, minmay_bisected
D:2:      layout_basic
D:3:      layout_basic, cheibrodos_sewer_entry_bend, uniq_crazy_yiuf_cottage,
          uniq_ijyb
D:4:      layout_loops_cross, first_ration
D:5:      layout_basic
D:6:      layout_basic, nicolae_overflow_crystal_walls, basic_altar
D:7:      layout_basic, minmay_temple_entry_junction, xom_teletrap_fun
D:8:      layout_gridville, serial_shops, shop, uniq_pikel, uniq_erica,
          uniq_grum
D:9:      layout_loops_ring
D:10:     layout_loops_corners, grunt_ministairs_8
D:11:     layout_stronghold, minmay_lair_entry_lava, orc_0_dummy
Temple:   roderic_octagonal_lattice_temple
Lair:1:   layout_hall_layers
Lair:2:   layout_regular_city, guppyfry_snake_entry_island, uniq_gastronok
Lair:3:   layout_roguey [special_room_bee], serial_bayou_pond_a
Lair:4:   layout_gridlike, swamp_mist, gauntlet_entry_generic,
          grunt_megastairs_2
Lair:5:   layout_small_grid
Lair:6:   evil_forest, layout_regular_city, minmay_slime_entry_pillars,
          zaba_antful_of_joy
Slime:1:  layout_caves

Skill      XL: |  1  2  3  4  5  6  7  8  9 10 11 12 13 14 |
---------------+-------------------------------------------+-----
Long Blades    | 2 3 4 5 7 8 10 11 12 13 | 13.0
Shields        | 3 4 5 6 7 8 9 10 | 10.0
Armour         | 3 4 5 6 7 8 9 10 | 10.0
Fighting       | 4 5 6 7 8 9 10 11 | 11.6
Invocations    | 2 4 |  4.1
Dodging        | 3 5 7 |  7.7

Action                   |  1- 3 |  4- 6 |  7- 9 | 10-12 | 13-15 || total
-------------------------+-------+-------+-------+-------+-------++-------
Melee: Long sword        |   131 |   190 |   291 |   225 |       ||   837
       Kick              |       |    17 |   112 |   372 |   331 ||   832
       Short sword       |       |       |       |   560 |   529 ||  1089
       Scimitar          |       |       |       |    19 |     3 ||    22
       Headbutt          |       |       |       |    12 |   201 ||   213
Evoke: Wand              |       |       |     1 |     2 |     2 ||     5
  Use: Scroll            |       |    11 |     5 |    13 |     3 ||    32
       Potion            |       |       |     4 |    10 |     3 ||    17
 Stab: Sleeping          |       |       |       |     2 |     4 ||     6
  Eat: Chunk             |     1 |     8 |     9 |    24 |    11 ||    53
       Ration            |       |       |     1 |     2 |     1 ||     4
Armor: Scale mail        |    65 |    62 |    19 |       |    48 ||   194
       Plate armour      |       |       |   134 |   147 |       ||   281
       Ring mail         |       |       |       |   123 |    68 ||   191
Dodge: Dodged            |    47 |    61 |    42 |   244 |   259 ||   653
Block: Shield            |    74 |    93 |   166 |   443 |   298 ||  1074
       Rpst.: Long sword |    17 |    19 |    12 |     5 |       ||    53
